 Dungeon Crawl Stone Soup version 0.29-a0-559-g359e09b9d1 (webtiles) character file.

Game seed: 12030609330612523765

308 spaghetti the Charlatan (level 6, 0/47 HPs)
             Began as a Gnoll Wanderer on June 10, 2022.
             Was a Believer of Makhleb.
             Slain by Duvessa
             ... wielding a +1 short sword of protection
              (11 damage)
             ... on level 4 of the Dungeon.
             The game lasted 00:04:00 (3274 turns).

spaghetti the Charlatan (Gnoll Wanderer)            Turns: 3274, Time: 00:04:01

Health: 0/47       AC:  3    Str:  8    XL:     6   Next: 40%
Magic:  9/20       EV: 12    Int: 17    God:    Makhleb [**....]
Gold:   128        SH:  0    Dex: 11    Spells: 10/11 levels left

rFire   . . .      SeeInvis .   b - +1 dagger (venom) {short}
rCold   . . .      Faith    .   (no shield)
rNeg    . . .      Spirit   .   c - +0 robe
rPois   .          Reflect  .   (no helmet)
rElec   .          Harm     .   (no cloak)
rCorr   .          Rampage  .   d - +0 pair of gloves
Will    .....                   (no boots)
Stlth   ++........              h - amulet of regeneration {@e2}
HPRegen 0.95/turn               n - ring of magical power
MPRegen 0.17/turn               (no ring)

@: no status effects
A: fangs 1, strong nose, distributed training
a: Renounce Religion, Minor Destruction


You were on level 4 of the Dungeon.
You worshipped Makhleb.
Makhleb was pleased with you.
You visited 1 branch of the dungeon, and saw 4 of its levels.

You collected 128 gold pieces.


Innate Abilities, Weirdness & Mutations

You have very sharp teeth.
Your uncanny sense of smell can sniff out nearby items.
Your experience applies equally to all skills.


   Skills:
 + Level 3.2 Fighting
 + Level 2.0 Short Blades
 + Level 2.0 Long Blades
 + Level 2.0 Axes
 + Level 2.0 Maces & Flails
 + Level 2.0 Polearms
 + Level 2.0 Staves
 + Level 2.0 Slings
 + Level 2.0 Bows
 + Level 2.0 Crossbows
 + Level 2.0 Throwing
 + Level 2.0 Armour
 + Level 3.2 Dodging
 + Level 2.0 Stealth
 + Level 2.0 Shields
 + Level 2.0 Unarmed Combat
 + Level 3.4 Spellcasting
 + Level 1.5 Conjurations
 + Level 1.5 Hexes
 + Level 1.5 Summonings
 + Level 1.5 Necromancy
 + Level 1.5 Translocations
 + Level 4.1 Transmutations
 + Level 4.1 Fire Magic
 + Level 1.5 Ice Magic
 + Level 1.5 Air Magic
 + Level 1.5 Earth Magic
 + Level 1.5 Poison Magic
 + Level 3.4 Invocations
 + Level 5.0 Evocations


You had 10 spell levels left.
You knew the following spells:

 Your Spells              Type           Power      Damage    Failure   Level
a - Foxfire               Conj/Fire      48%        2x1d6     5%          1

Your spell library contained the following spells:

 Spells                   Type           Power      Damage    Failure   Level
 Wereblood                Tmut           16%        N/A       4%          2
 Passwall                 Tmut/Erth      10%        N/A       8%          2
 Shock                    Conj/Air       32%        1d5       9%          1
 Inner Flame              Hex/Fire       12%        N/A       16%         3
 Swiftness                Air            8%         N/A       26%         3
 Flame Wave               Conj/Fire      12%        2d6       45%         4
 Airstrike                Air            4%         N/A       65%         4

Inventory:

Hand Weapons
 a - a +0 dagger {short}
 b - a +1 dagger of venom (weapon) {short}
   (You found it on level 1 of the Dungeon)
Missiles
 e - 3 atropa-tipped darts {throwing}
 j - 78 stones {throwing}
Armour
 c - a +0 robe (worn)
 d - a +0 pair of gloves (worn)
Magical Staves
 k - a staff of earth {!astaff}
   (You found it on level 2 of the Dungeon)
 v - a staff of cold {!astaff}
   (You found it on level 4 of the Dungeon)
Jewellery
 h - an amulet of regeneration (around neck) {@e2}
   (You found it on level 2 of the Dungeon)
 n - a ring of magical power (left hand)
   (You found it on level 3 of the Dungeon)
Wands
 x - a wand of flame (12)
   (You took it off Natasha on level 4 of the Dungeon)
Scrolls
 i - 4 scrolls of identify {unknown}
 l - a scroll of enchant weapon {unknown}
 o - 3 scrolls of teleportation {unknown}
 p - 2 scrolls of amnesia {unknown}
 q - a scroll of vulnerability {unknown}
 r - 2 scrolls of immolation {unknown}
 u - a scroll of fog
Potions
 f - a potion of might
 g - a potion of berserk rage {unknown}
 m - 2 potions of flight {unknown}
 s - 2 potions of mutation {unknown}
 t - 2 potions of curing {unknown}
 w - a potion of invisibility {unknown}

Dungeon Overview and Level Annotations

Branches:
Dungeon (4/15)
 Temple: D:4-7

Altars:
Makhleb
Zin

Annotations:
D:4 Duvessa

..................####.#
####...#######....#.##.#
#.....# #....#.##.####
#..>#[#####...........<#
##.............#####.###
#<#.#..................#
∆#.#.#######.#§##########
#.#.# #.§........# ∆#.#.#
#§#@e†...... #.#.#
...?..§)######). #...#
#####.#§§ ##### #.#... #
#.### #.# #.# #.#


You could see Duvessa (berserk).


Message History

Confirm with . or Enter, or press ? or * to list all spells.
You conjure some foxfire!
The foxfire hits Dowan. x2
Dowan closely misses you. 😎 HP[+1] MP[-1]
Your hp is fully restored (47).
You lost 1 mp, and now have 16/20 mp.
Casting: Foxfire (safe; 5% risk of failure)
Confirm with . or Enter, or press ? or * to list all spells.
You conjure some foxfire!
The foxfire hits Dowan. x2
The foxfire hits Dowan but does no damage.
Dowan hits you with a +0 dagger. 😕 HP[-5]
You take 5 damage, and now have 42/47 hp.
Casting: Foxfire (safe; 5% risk of failure)
Confirm with . or Enter, or press ? or * to list all spells.
You conjure some foxfire!
The foxfire hits Dowan. x2
You kill Dowan!
Makhleb accepts your kill.
You feel better.
Duvessa weeps, and shakes her weapon.
Duvessa goes berserk!
Your Short Blades skill increases to level 2!
Your Long Blades skill increases to level 2!
Your Axes skill increases to level 2!
Your Maces & Flails skill increases to level 2!
Your Polearms skill increases to level 2!
Your Staves skill increases to level 2!
Your Slings skill increases to level 2!
Your Bows skill increases to level 2!
Your Crossbows skill increases to level 2!
Your Throwing skill increases to level 2!
Your Armour skill increases to level 2!
Your Stealth skill increases to level 2!
Your Shields skill increases to level 2!
Your Unarmed Combat skill increases to level 2!
Your Evocations skill increases to level 5! 😕 HP[+3] MP[-1]
You regained 3 hp, and now have 45/47 hp.
You lost 1 mp, and now have 15/20 mp.
Casting: Foxfire (safe; 5% risk of failure)
Confirm with . or Enter, or press ? or * to list all spells.
You conjure some foxfire!
The foxfire hits Duvessa but does no damage.
The foxfire hits Duvessa. 😕 HP[+1] MP[-1]
You lost 1 mp, and now have 14/20 mp.
Casting: Foxfire (safe; 5% risk of failure)
Confirm with . or Enter, or press ? or * to list all spells.
You conjure some foxfire!
The foxfire hits Duvessa but does no damage. x2
Duvessa hits you with a +1 short sword of protection!
Duvessa misses you. 😕 HP[-6] MP[-1]
You take 6 damage, and now have 40/47 hp.
You lost 1 mp, and now have 13/20 mp.
Casting: Foxfire (safe; 5% risk of failure)
Confirm with . or Enter, or press ? or * to list all spells.
You conjure some foxfire!
The foxfire hits Duvessa.
Duvessa hits you with a +1 short sword of protection. 😕 HP[-4] MP[-1]
You take 4 damage, and now have 36/47 hp.
You lost 1 mp, and now have 12/20 mp.
Casting: Foxfire (safe; 5% risk of failure)
Confirm with . or Enter, or press ? or * to list all spells.
You conjure some foxfire!
The foxfire hits Duvessa.
The foxfire hits Duvessa but does no damage.
The foxfire hits Duvessa.
Duvessa closely misses you. Duvessa completely misses you. 😕 MP[-1]
You lost 1 mp, and now have 11/20 mp.
Casting: Foxfire (safe; 5% risk of failure)
Confirm with . or Enter, or press ? or * to list all spells.
You conjure some foxfire!
The foxfire hits Duvessa but does no damage.
The foxfire hits Duvessa.
Duvessa hits you with a +1 short sword of protection! 😮 HP[-10]
You take 10 damage, and now have 26/47 hp.
MASSIVE DAMAGE!! (PAUSE)
Casting: Foxfire (safe; 5% risk of failure)
Confirm with . or Enter, or press ? or * to list all spells.
You conjure some foxfire!
The foxfire hits Duvessa but does no damage.
The foxfire hits Duvessa.
Duvessa barely misses you.
Duvessa closely misses you. 😮 HP[+1] MP[-1]
You lost 1 mp, and now have 10/20 mp.
Casting: Foxfire (safe; 5% risk of failure)
Confirm with . or Enter, or press ? or * to list all spells.
You conjure some foxfire!
The foxfire hits Duvessa.
Duvessa hits you with a +1 short sword of protection!!
* * * LOW HITPOINT WARNING * * *
😱 HP[-17] MP[-1]
You take 17 damage, and now have 10/47 hp.
MASSIVE DAMAGE!! (PAUSE)
You lost 1 mp, and now have 9/20 mp.
Unknown command.
You completely miss Duvessa.
The foxfire hits Duvessa.
The foxfire hits Duvessa but does no damage. x2
Duvessa closely misses you.
Duvessa hits you with a +1 short sword of protection!
You die...

Skill      XL: |  1  2  3  4  5  6 |
---------------+-------------------+-----
Short Blades   | 1 2 |  2.0
Long Blades    | 1 2 |  2.0
Axes           | 1 2 |  2.0
Maces & Flails | 1 2 |  2.0
Polearms       | 1 2 |  2.0
Staves         | 1 2 |  2.0
Slings         | 1 2 |  2.0
Bows           | 1 2 |  2.0
Crossbows      | 1 2 |  2.0
Throwing       | 1 2 |  2.0
Armour         | 1 2 |  2.0
Stealth        | 1 2 |  2.0
Shields        | 1 2 |  2.0
Unarmed Combat | 1 2 |  2.0
Spellcasting   | 3 |  3.4
Conjurations   | 1 |  1.5
Hexes          | 1 |  1.5
Summonings     | 1 |  1.5
Necromancy     | 1 |  1.5
Translocations | 1 |  1.5
Ice Magic      | 1 |  1.5
Air Magic      | 1 |  1.5
Earth Magic    | 1 |  1.5
Poison Magic   | 1 |  1.5
Invocations    | 3 |  3.4
Fighting       | 3 |  3.2
Dodging        | 3 |  3.2
Transmutations | 4 |  4.1
Fire Magic     | 4 |  4.1
Evocations     | 5 |  5.0

Action                   |  1- 3 |  4- 6 || total
-------------------------+-------+-------++-------
Melee: Dagger            |    82 |    84 ||   166
       Bite              |     7 |     7 ||    14
       Punch             |     1 |     1 ||     2
 Cast: Foxfire           |     3 |    50 ||    53
  Use: Potion            |     2 |       ||     2
       Scroll            |     1 |       ||     1
 Stab: Sleeping          |     1 |     1 ||     2
Armor: Robe              |    19 |    27 ||    46
Dodge: Dodged            |    64 |    82 ||   146

Levels and vault maps discovered:
D:1:      erik_arrival_triangle_small, layout_basic, basic_ecumenical_altar
D:2:      layout_basic
D:3:      wander_river, layout_basic, mainiacjoe_overflow_small_starburst,
          minivault_19, grunt_ministairs_7, minmay_bisected
D:4:      layout_basic, fedhas_altar_4, mainiacjoe_overflow_six_doors_small,
          temple_green, minmay_rat_hole, uniq_natasha, uniq_duvessa

Notes
Turn   | Place    | Note
-------+----------+-------------------------------------------
     0 | D:1      | spaghetti the Gnoll Wanderer began the quest for the Orb.
     0 | D:1      | spaghetti set off with the following items: a +0 dagger
                  | {short}, a potion of heal wounds {@q2}, a +0 robe, a +0
                  | pair of gloves; and the following spell memorised: Foxfire;
                  | and the following spells available to memorise: Wereblood,
                  | Passwall, Inner Flame, Flame Wave
     0 | D:1      | Reached XP level 1. HP: 17/17 MP: 4/4
     0 | D:1      | magus.rc [v1.9.6]
    25 | D:1      | HP: 4/17 [kobold/+0 whip (5)]
    27 | D:1      | HP: 1/17 [kobold/+0 whip (3)]
   124 | D:1      | Found a faded altar of an unknown god.
   130 | D:1      | Prayed at the altar of an unknown god.
   130 | D:1      | Became a worshipper of Makhleb the Destroyer
   130 | D:1      | Reached * piety under Makhleb
   387 | D:1      | Reached XP level 2. HP: 22/23 MP: 5/5
  1447 | D:2      | Reached XP level 3. HP: 28/28 MP: 7/7
  1497 | D:2      | You pick up a book of Air and begin reading...
  1497 | D:2      | You add the spells Shock, Swiftness and Airstrike to your
                  | library.
  2073 | D:3      | Found a glowing silver altar of Zin.
  2224 | D:3      | Reached skill level 1 in Short Blades
  2224 | D:3      | Reached skill level 1 in Long Blades
  2224 | D:3      | Reached skill level 1 in Axes
  2224 | D:3      | Reached skill level 1 in Maces & Flails
  2224 | D:3      | Reached skill level 1 in Polearms
  2224 | D:3      | Reached skill level 1 in Staves
  2224 | D:3      | Reached skill level 1 in Slings
  2224 | D:3      | Reached skill level 1 in Bows
  2224 | D:3      | Reached skill level 1 in Crossbows
  2224 | D:3      | Reached skill level 1 in Throwing
  2224 | D:3      | Reached skill level 1 in Armour
  2224 | D:3      | Reached skill level 1 in Stealth
  2224 | D:3      | Reached skill level 1 in Shields
  2224 | D:3      | Reached skill level 1 in Unarmed Combat
  2227 | D:3      | Reached XP level 4. HP: 34/34 MP: 8/8
  2231 | D:3      | Reached skill level 3 in Spellcasting
  2231 | D:3      | Reached skill level 1 in Conjurations
  2231 | D:3      | Reached skill level 1 in Hexes
  2231 | D:3      | Reached skill level 1 in Summonings
  2231 | D:3      | Reached skill level 1 in Necromancy
  2231 | D:3      | Reached skill level 1 in Translocations
  2231 | D:3      | Reached skill level 1 in Ice Magic
  2231 | D:3      | Reached skill level 1 in Air Magic
  2231 | D:3      | Reached skill level 1 in Earth Magic
  2231 | D:3      | Reached skill level 1 in Poison Magic
  2739 | D:4      | Noticed Natasha
  2750 | D:4      | Killed Natasha
  2751 | D:4      | Reached skill level 3 in Invocations
  2751 | D:4      | Reached XP level 5. HP: 25/40 MP: 9/9
  2759 | D:4      | Reached skill level 3 in Fighting
  2759 | D:4      | Reached skill level 3 in Dodging
  2795 | D:4      | Noticed Natasha
  2799 | D:4      | Killed Natasha
  2800 | D:4      | Reached skill level 4 in Transmutations
  2800 | D:4      | Reached skill level 4 in Fire Magic
  3058 | D:4      | Reached ** piety under Makhleb
  3077 | D:4      | Reached XP level 6. HP: 47/47 MP: 10/10
  3197 | D:4      | Noticed Natasha
  3207 | D:4      | Killed Natasha
  3260 | D:4      | Noticed Duvessa
  3261 | D:4      | Noticed Dowan
  3266 | D:4      | Killed Dowan
  3267 | D:4      | Reached skill level 2 in Short Blades
  3267 | D:4      | Reached skill level 2 in Long Blades
  3267 | D:4      | Reached skill level 2 in Axes
  3267 | D:4      | Reached skill level 2 in Maces & Flails
  3267 | D:4      | Reached skill level 2 in Polearms
  3267 | D:4      | Reached skill level 2 in Staves
  3267 | D:4      | Reached skill level 2 in Slings
  3267 | D:4      | Reached skill level 2 in Bows
  3267 | D:4      | Reached skill level 2 in Crossbows
  3267 | D:4      | Reached skill level 2 in Throwing
  3267 | D:4      | Reached skill level 2 in Armour
  3267 | D:4      | Reached skill level 2 in Stealth
  3267 | D:4      | Reached skill level 2 in Shields
  3267 | D:4      | Reached skill level 2 in Unarmed Combat
  3267 | D:4      | Reached skill level 5 in Evocations
  3273 | D:4      | HP: 10/47 [Duvessa/+1 short sword of protection (18)]
  3274 | D:4      | Slain by Duvessa

Vanquished Creatures
  Dowan (D:4)
  A jelly (D:3)
  Natasha (thrice) (D:4)
  An iguana (D:4)
  5 adders
  A gnoll (D:3)
  A worm (D:2)
  2 dart slugs
  An orc (D:3)
  5 ball pythons
  5 endoplasms
  2 giant cockroaches
  4 goblins
  4 hobgoblins
  9 jackals
  6 kobolds
  A quokka (D:4)
  6 bats
  A frilled lizard (D:1)
  18 rats (D:4)
77 creatures vanquished.

Vanquished Creatures (others)
  99 foxfires
99 creatures vanquished.

Grand Total: 176 creatures vanquished

Table legend:
 A = Non-vault XP
 B = Vault XP
 C = Vault XP percentage of total XP
 D = Non-vault monster count
 E = Vault monster count
 F = Vault count percentage of total count
                 A         B        C        D         E       F
            +---------+---------+-------+---------+---------+-------
      Total |     239 |     201 |  45.7 |      50 |      27 |  35.1
            +---------+---------+-------+---------+---------+-------
        D:1 |      27 |       0 |   0.0 |      16 |       0 |   0.0
        D:2 |      28 |       0 |   0.0 |       7 |       0 |   0.0
        D:3 |      26 |      76 |  74.5 |       8 |       6 |  42.9
        D:4 |     158 |     125 |  44.2 |      19 |      21 |  52.5
            +---------+---------+-------+---------+---------+-------

Illustrated notes

Table legend:
 A = Kills in this place as a percentage of kills in entire the game.
 B = Kills by you in this place as a percentage of kills by you in the entire game.
 C = Kills by friends in this place as a percentage of kills by friends in the entire game.
 D = Other kills in this place as a percentage of other kills in the entire game.
 E = Experience gained in this place as a percentage of experience gained in the entire game.
 F = Experience gained in this place divided by the number of levels of this place that you have seen.
                   A       B       C       D       E      F
               +-------+-------+-------+-------+-------+----------------------
         Total | 100.0 | 100.0 |   N/A |   N/A | 100.0 | 110.0
       Dungeon | 100.0 | 100.0 |   N/A |   N/A | 100.0 | 110.0
               +-------+-------+-------+-------+-------+----------------------

Table legend: (Time is in decaauts)
 A = Elapsed time spent in this place.
 B = Non-inter-level travel time spent in this place.
 C = Inter-level travel time spent in this place.
 D = Time resting spent in this place.
 E = Time spent auto-exploring this place.
 F = Levels seen in this place.
 G = Mean time per level.
                   A        B        C        D        E       F      G
               +--------+--------+--------+--------+--------+-----+--------+
         Total |   3300 |   3223 |     77 |      0 |   2804 |   4 |  825.0 |
       Dungeon |   3300 |   3223 |     77 |      0 |   2804 |   4 |  825.0 |
               +--------+--------+--------+--------+--------+-----+--------+

Top non-repeatable levels by time:
     D:2: 1041 daAuts
     D:1: 966 daAuts
     D:3: 678 daAuts
     D:4: 615 daAuts
